 Dungeon Crawl Stone Soup version 0.24.0-41-g2ae2f7f1be (webtiles) character file.

Game seed: 14536241888932168344, levelgen mode: deterministic

5917 glosham the Cruncher (level 10, -3/70 HPs)
             Began as a Mummy Abyssal Knight on Dec 12, 2019.
             Was a High Priest of Lugonu.
             Slain by a death yak (17 damage)
             ... on level 9 of the Dungeon on Dec 13, 2019.
             The game lasted 01:29:10 (5064 turns).

glosham the Cruncher (Mummy Abyssal Knight)         Turns: 5064, Time: 01:29:11

Health: -3/70      AC: 14    Str: 22    XL:     10   Next: 53%
Magic:  11/11      EV:  6    Int: 11    God:    Lugonu [*****.]
Gold:   562        SH:  0    Dex: 13    Spells: 9/9 levels left

rFire    x . .     SeeInvis .   a - +5 lajatang (vamp)
rCold    + . .     Gourm    .   (shield currently unavailable)
rNeg     + + +     Faith    .   X - +0 plate armour
rPois    ∞         Spirit   .   U - +0 helmet
rElec    .         Reflect  .   Y - +0 cloak
rCorr    .         Harm     .   (no gloves)
MR       +....                  W - +1 pair of boots (curse)
Stlth    ..........             z - amulet of regeneration (curse)
HPRegen  0.61/turn              A - +2 ring of strength
MPRegen  0.12/turn              B - +2 ring of dexterity

@: no status effects
A: no food or potions, fire vulnerability, cold resistance 1, negative energy
resistance 3, torment resistance, unbreathing
a: Depart the Abyss, Bend Space, Banish, Corrupt, Enter the Abyss, Renounce
Religion


You were on level 9 of the Dungeon.
You worshipped Lugonu.
Lugonu was extremely pleased with you.
You were not hungry.

You visited 1 branch of the dungeon, and saw 9 of its levels.
You visited the Abyss 1 time.

You collected 562 gold pieces.

Inventory:

Hand Weapons
 a - a +5 vampiric lajatang (weapon)
 b - the +6 whip of Youthful Indiscretion {elec, +Rage rElec MR+}
   (You found it on level 4 of the Dungeon)

   Occasionally, upon striking a foe, it will discharge some electrical energy
   and cause terrible harm.
   It insulates you from electricity.
   It affects your resistance to hostile enchantments.
   It lets you go berserk.
 c - a +1 hand axe
 s - a +0 trident
 t - a +2 scimitar of flaming
 u - a +0 shortbow
 E - a +0 trident of venom
 G - a +0 glaive
Missiles
 d - 2 throwing nets (quivered)
 f - 191 arrows
 i - 19 poisoned darts
 w - 17 sling bullets
 H - 88 bolts
Armour
 e - a +0 ring mail of magic resistance
 U - a +0 helmet (worn)
 W - a cursed +1 pair of boots (worn)
 X - a +0 plate armour (worn)
 Y - a +0 cloak (worn)
Magical Staves
 x - an uncursed staff of air
Jewellery
 j - a +3 ring of intelligence
 z - a cursed amulet of regeneration (around neck)
 A - a +2 ring of strength (left hand)
 B - a +2 ring of dexterity (right hand)
 F - an uncursed ring of flight
Wands
 g - a wand of digging (4)
 q - a wand of flame (35)
 v - a wand of scattershot (1)
 y - a wand of acid (7)
Scrolls
 h - 2 scrolls of amnesia
 k - a scroll of teleportation
 l - a scroll of blinking
 m - 4 scrolls of fog
 n - 4 scrolls of fear
 o - 5 scrolls of remove curse
 p - 4 scrolls of identify
 r - a scroll of immolation
 C - a scroll of summoning
 D - a scroll of magic mapping


   Skills:
 - Level 3.0 Fighting
 - Level 1.5 Axes
 * Level 12.9 Staves
 - Level 1.5 Armour
 - Level 0.7 Dodging
 - Level 1.5 Invocations


You had 9 spell levels left.
You didn't know any spells.
Your spell library contained the following spells:

 Spells                   Type           Power        Failure   Level  Hunger
 Apportation              Tloc           #.....       100%        1    N/A
 Magic Dart               Conj           #...         100%        1    N/A
 Sting                    Conj/Pois      #...         100%        1    N/A
 Summon Butterflies       Summ           #.......     100%        1    N/A
 Blink                    Tloc           N/A          100%        2    N/A
 Call Imp                 Summ           #.......     100%        2    N/A
 Passwall                 Tmut/Erth      #.......     100%        2    N/A
 Poisonous Vapours        Pois/Air       #.....       100%        2    N/A
 Slow                     Hex            #.......     100%        2    N/A
 Throw Frost              Conj/Ice       #.....       100%        2    N/A
 Conjure Flame            Conj/Fire      #.......     100%        3    N/A
 Ignite Poison            Fire/Tmut/Pois #.......     100%        3    N/A
 Lesser Beckoning         Tloc           #.........   100%        3    N/A
 Mephitic Cloud           Conj/Pois/Air  #.......     100%        3    N/A
 Ozocubu's Armour         Chrm/Ice       #.......     100%        3    N/A
 Tukima's Dance           Hex            #.......     100%        3    N/A
 Leda's Liquefaction      Hex/Erth       #.........   100%        4    N/A
 Olgreb's Toxic Radiance  Pois           #.......     100%        4    N/A
 Alistair's Intoxication  Tmut/Pois      #.......     100%        5    N/A
 Lee's Rapid Deconstruct  Erth           #.........   100%        5    N/A
 Venom Bolt               Conj/Pois      #.........   100%        5    N/A
 Invisibility             Hex            #.......     100%        6    N/A

Dungeon Overview and Level Annotations

Branches:
Dungeon (9/15)             Temple (0/1) D:5
   Lair: D:8-11         Orc: D:9-12

Altars:
Ashenzari
Dithmenos
Elyvilon
Fedhas
Hepliaklqana
Kikubaaqudgha
Makhleb
Nemelex Xobeh
Ru
Vehumet
Zin


Innate Abilities, Weirdness & Mutations

You do not eat or drink.
Your flesh is vulnerable to fire.
You are immune to poison.
Your flesh is cold resistant. (rC+)
You are immune to negative energy. (rN+++)
You are immune to unholy pain and torment.
You can survive without breathing.


Message History

A centaur comes into view.
The death yak gores you!
* * * LOW HITPOINT WARNING * * *
The howler monkey hoots and howls with incredible vigour!
A wight comes into view. It is wielding a +4 war axe.
Found a scroll of remove curse.
The howler monkey hoots and howls with incredible vigour!
The howler monkey hoots and howls with incredible vigour!
The death yak snorts and paws the ground.
The centaur wields a +0 shortbow.
The centaur shoots an arrow.
The arrow closely misses you.
The howler monkey hoots and howls with incredible vigour!
The centaur shoots an arrow.
The arrow hits you but does no damage.
You see here an arrow.
The centaur shoots an arrow.
The arrow barely misses you.
You see here an arrow.
The centaur shoots an arrow.
The arrow barely misses you.
You see here an arrow.
The death yak snorts and paws the ground.
Evoke which item? (* to show all) (? for menu, Esc to quit)
Aiming: Corrosive Bolt
Press: ? - help, Shift-Dir - straight line, f - death yak, p - death yak
Aim: a death yak The bolt of acid misses the death yak.
Unknown command.
Evoke which item? (* to show all) (? for menu, Esc to quit)
Aiming: Corrosive Bolt
Press: ? - help, Shift-Dir - straight line, f/p - death yak
Aim: a death yak The bolt of acid hits the death yak!
The death yak is splashed with acid.
The acid corrodes the death yak!
The death yak is lightly wounded.
Your plate armour prevents you from hitting the death yak.
The death yak is lightly wounded.
The death yak gores you!!
* * * LOW HITPOINT WARNING * * *
You hit the death yak.
You feel better.
The death yak is lightly wounded.
The death yak gores you!
You die...

#.##...#..##..P###
#......#...#P_P#.#
#......#...#PP.#..
#......#...#####..
#.........!##.....
#..........##....# .. .....
#....).©........<# ........
#..#########...... Z##....
#@##8.....8##..... .....#
#Y#.........#.....
.....###########Y#.#....)#.#....#
...............#.#..#...#..#....#
.†.............#h#....©)...#.....
...............#.#..#...#..#.....
#.........>....#c#.#.....#.#.....
#..........#...#.#......[.©#.....
...............#.##8..!..8##.####


You could see 2 death yaks, a centaur and a howler monkey.

Vanquished Creatures
  Erica (D:8)
  A two-headed ogre (D:8)
  The ghost of FessEmpty the Covert, a novice FoAr of Qazlal (D:9)
  Grinder (D:6)
  Prince Ribbit (D:5)
  A slime creature (D:9)
  A spriggan (D:8)
  Eustachio (D:6)
  A yak (D:9)
  Edmund (D:6)
  Duvessa (D:6)
  2 orc warriors (D:8)
  2 phantoms
  An ice beast (D:5)
  2 sky beasts (D:5)
  A necrophage (D:5)
  2 centaurs
  7 ogres
  A big kobold (D:8)
  3 bullfrogs
  Dowan (D:6)
  3 scorpions
  A howler monkey (D:7)
  2 crimson imps
  A bullfrog skeleton (D:6)
  3 orc priests
  2 jellies
  4 orc wizards
  2 iguanas (D:8)
  Ijyb (D:4)
  5 worker ants
  A hound skeleton (D:6)
  5 gnolls
  9 adders
  An adder zombie (D:6)
  4 worms
  5 dart slugs (D:2)
  5 leopard geckos
  22 orcs
  A ball python (D:6)
  3 giant cockroaches
  9 goblins
  5 hobgoblins
  4 jackals
  3 quokkas
  A ball python zombie (D:6)
  12 bats
  5 frilled lizards
  12 kobolds
  A leopard gecko skeleton (D:4)
  2 quokka skeletons
  10 rats
177 creatures vanquished.

Vanquished Creatures (others)
  A quokka (D:8)
1 creature vanquished.

Grand Total: 178 creatures vanquished

Notes
Turn   | Place    | Note
-------+----------+-------------------------------------------
     0 | Abyss:1  | glosham the Mummy Abyssal Knight began the quest for the
                  | Orb.
     0 | Abyss:1  | Reached XP level 1. HP: 18/18 MP: 2/2
    31 | Abyss:2  | Found a hide-covered altar of Uskayaw.
    46 | Abyss:4  | Found a corrupted altar of Lugonu.
    76 | Abyss:4  | Noticed a smoke demon
    76 | Abyss:4  | Identified a scroll of acquirement
    78 | D:1      | Escaped the Abyss
   178 | D:1      | Reached skill level 1 in Staves
   189 | D:1      | Reached XP level 2. HP: 23/24 MP: 3/3
   266 | D:1      | Reached * piety under Lugonu
   330 | D:1      | Reached skill level 2 in Staves
   330 | D:1      | Reached XP level 3. HP: 23/29 MP: 4/4
   649 | D:2      | Reached skill level 3 in Staves
   649 | D:2      | Reached XP level 4. HP: 34/35 MP: 5/5
   933 | D:2      | Reached ** piety under Lugonu
   934 | D:2      | Found a shadowy altar of Dithmenos.
  1326 | D:3      | Reached XP level 5. HP: 41/41 MP: 6/6
  1551 | D:4      | Reached skill level 4 in Staves
  1594 | D:4      | Noticed an ogre
  1605 | D:4      | Killed an ogre
  1625 | D:4      | Reached XP level 6. HP: 47/47 MP: 7/7
  1632 | D:4      | Found a burning altar of Makhleb.
  1640 | D:4      | Identified the +6 whip of Youthful Indiscretion {elec,
                  | +Rage rElec MR+} (You found it on level 4 of the Dungeon)
  1737 | D:4      | Reached skill level 5 in Staves
  2006 | D:4      | Noticed Ijyb
  2016 | D:4      | Killed Ijyb
  2041 | D:4      | Reached skill level 6 in Staves
  2041 | D:4      | Reached XP level 7. HP: 48/52 MP: 8/8
  2079 | D:4      | Found a shattered altar of Ashenzari.
  2150 | D:5      | Entered Level 5 of the Dungeon
  2168 | D:5      | Reached *** piety under Lugonu
  2260 | D:5      | Found a sparkling altar of Nemelex Xobeh.
  2287 | D:5      | Identified Sif Muna's Incunabulum of the Glacier and
                  | Intoxication
  2315 | D:5      | Found a staircase to the Ecumenical Temple.
  2474 | D:5      | Reached skill level 7 in Staves
  2620 | D:5      | Found a sacrificial altar of Ru.
  2634 | D:5      | Reached XP level 8. HP: 56/58 MP: 9/9
  2638 | D:5      | Noticed Prince Ribbit
  2686 | D:5      | Reached skill level 8 in Staves
  2819 | D:5      | Identified the Handbook of Flames and the Rocks
  2911 | D:5      | Killed Prince Ribbit
  2911 | D:5      | Reached skill level 9 in Staves
  3039 | D:6      | Noticed Grinder
  3045 | D:6      | Noticed Edmund
  3051 | D:6      | Killed Grinder
  3061 | D:6      | Killed Edmund
  3061 | D:6      | Reached XP level 9. HP: 53/63 MP: 10/10
  3077 | D:6      | Reached skill level 10 in Staves
  3218 | D:6      | Noticed Eustachio
  3236 | D:6      | Killed Eustachio
  3236 | D:6      | Reached **** piety under Lugonu
  3521 | D:6      | Noticed Duvessa
  3528 | D:6      | Noticed Dowan
  3530 | D:6      | Killed Duvessa
  3540 | D:6      | Killed Dowan
  3772 | D:7      | Found a radiant altar of Vehumet.
  3871 | D:7      | Found a hazy altar of Hepliaklqana.
  4126 | D:8      | Noticed a two-headed ogre
  4133 | D:8      | Killed a two-headed ogre
  4133 | D:8      | Reached skill level 11 in Staves
  4141 | D:8      | Found a glowing silver altar of Zin.
  4163 | D:8      | Found a white marble altar of Elyvilon.
  4343 | D:8      | Noticed Erica
  4351 | D:8      | Killed Erica
  4351 | D:8      | Reached skill level 12 in Staves
  4351 | D:8      | Reached XP level 10. HP: 33/70 MP: 11/11
  4468 | D:9      | Noticed FessEmpty's ghost (novice FoAr)
  4468 | D:9      | Found a transporter.
  4468 | D:9      | Found a transporter.
  4851 | D:9      | Found a blossoming altar of Fedhas.
  4853 | D:9      | Found an ancient bone altar of Kikubaaqudgha.
  4918 | D:9      | Killed FessEmpty's ghost
  4920 | D:9      | Reached ***** piety under Lugonu
  5010 | D:9      | Noticed a death yak
  5016 | D:9      | Noticed a death yak
  5019 | D:9      | Noticed a death yak
  5064 | D:9      | Slain by a death yak

Levels and vault maps discovered:
D:1:      dpeg_arrival_tiny_a, layout_rooms, minmay_octomino_j4
D:2:      minmay_spotlight, layout_basic, old_standard_altar, first_ration
D:3:      layout_loops_ring
D:4:      layout_loops_ring, kennysheep_mini_moat, bloody_makhleb, uniq_ijyb
D:5:      layout_cave_pods, nicolae_ru_great_annihilating_truth,
          kennysheep_mini, minmay_temple_entry_grid, serial_column_ruins,
          column_ruins_hut, column_ruins_hut, column_ruins_open_medium,
          column_ruins_grid_4, column_ruins_open_small, column_ruins_grid_1,
          column_ruins_open_medium, column_ruins_columns_straight,
          minmay_checkerbox, uniq_prince_ribbit1
D:6:      layout_basic, uniq_grinder, uniq_duvessa, uniq_edmund, uniq_eustachio
D:7:      layout_loops_ring, fiery_altar_vehumet, kennysheep_little_box,
          dk_noncrumbling_3
D:8:      layout_basic, nicolae_overflow_hidden_temple, elyvilon_altar_4,
          the_bakery, uniq_erica
D:9:      layout_stronghold, grunt_temple_overflow_growth_and_decay,
          old_standard_altar, dpeg_lair_monsters, serial_shops, shop,
          gammafunk_ghost_arena

Skill      XL: |  1  2  3  4  5  6  7  8  9 |
---------------+----------------------------+-----
Staves         | 1 2 3 4 6 7 9 12 | 12.9
Fighting       | |  3.0
Axes           | |  1.5
Armour         | |  1.5
Dodging        | |  0.7
Invocations    | |  1.5

Action                   |  1- 3 |  4- 6 |  7- 9 | 10-12 || total
-------------------------+-------+-------+-------+-------++-------
Melee: Lajatang          |   119 |   140 |   228 |    73 ||   560
       Whip              |       |       |    21 |    19 ||    40
Invok: Depart the Abyss  |     1 |       |       |       ||     1
Evoke: Wand              |       |       |    11 |     3 ||    14
  Use: Scroll            |     8 |     4 |     7 |     1 ||    20
 Stab: Paralysed         |       |       |     1 |       ||     1
       Invisible         |       |       |     1 |       ||     1
Armor: Leather armour    |    34 |       |       |       ||    34
       Plate armour      |    82 |    74 |   126 |    38 ||   320
Dodge: Dodged            |    91 |    27 |    51 |    13 ||   182

Table legend:
 A = Turns spent in this place as a percentage of turns spent in the entire game.
 B = Non-inter-level travel turns spent in this place as a percentage of non-inter-level travel turns spent in the entire game.
 C = Inter-level travel turns spent in this place as a percentage of turns spent in this place.
 D = Turns resting spent in this place as a percentage of non-inter-level travel turns spent in this place.
 E = Turns spent auto-exploring this place as a percentage of non-inter-level travel turns spent in this place.
 F = Non-inter-level travel turns spent in this place divided by the number of levels of this place that you've seen.
                   A       B       C       D       E      F
               +-------+-------+-------+-------+-------+----------------------
         Total | 100.0 | 100.0 |  10.5 |   0.3 |   0.4 | 348.8
       Dungeon |  98.5 |  98.3 |  10.6 |   0.3 |   0.4 | 495.1
         Abyss |   1.5 |   1.7 |   0.0 |   0.0 |   0.0 |  19.5
               +-------+-------+-------+-------+-------+----------------------

Table legend:
 A = Kills in this place as a percentage of kills in entire the game.
 B = Kills by you in this place as a percentage of kills by you in the entire game.
 C = Kills by friends in this place as a percentage of kills by friends in the entire game.
 D = Other kills in this place as a percentage of other kills in the entire game.
 E = Experience gained in this place as a percentage of experience gained in the entire game.
 F = Experience gained in this place divided by the number of levels of this place that you have seen.
                   A       B       C       D       E      F
               +-------+-------+-------+-------+-------+----------------------
         Total | 100.0 | 100.0 |   N/A |   N/A | 100.0 | 650.2
       Dungeon | 100.0 | 100.0 |   N/A |   N/A | 100.0 | 939.2
               +-------+-------+-------+-------+-------+----------------------

Levels and vault maps discovered:
D:1:      dpeg_arrival_tiny_a, layout_rooms, minmay_octomino_j4
D:2:      minmay_spotlight, layout_basic, old_standard_altar, first_ration
D:3:      layout_loops_ring
D:4:      layout_loops_ring, kennysheep_mini_moat, bloody_makhleb, uniq_ijyb
D:5:      layout_cave_pods, nicolae_ru_great_annihilating_truth,
          kennysheep_mini, minmay_temple_entry_grid, serial_column_ruins,
          column_ruins_hut, column_ruins_hut, column_ruins_open_medium,
          column_ruins_grid_4, column_ruins_open_small, column_ruins_grid_1,
          column_ruins_open_medium, column_ruins_columns_straight,
          minmay_checkerbox, uniq_prince_ribbit1
D:6:      layout_basic, uniq_grinder, uniq_duvessa, uniq_edmund, uniq_eustachio
D:7:      layout_loops_ring, fiery_altar_vehumet, kennysheep_little_box,
          dk_noncrumbling_3
D:8:      layout_basic, nicolae_overflow_hidden_temple, elyvilon_altar_4,
          the_bakery, uniq_erica
D:9:      layout_stronghold, grunt_temple_overflow_growth_and_decay,
          old_standard_altar, dpeg_lair_monsters, serial_shops, shop,
          gammafunk_ghost_arena
